AoeStats
← 唐伯虎点蚊香

Oasis

508249337Analyzed
4v4 RM · 11d ago on Sep 21, 2026· 62m 40s· 8 players
Game mode
Random Map
Map size
Large (8 player)
Population
200
Speed
Normal
Resources
Standard
Victory
Conquest
Starting age
Dark Age
Ending age
Imperial Age
RankedLock teamsTeams togetherTeam positionsShared explorationLock speedFull tech treeHidden civsTurbo modeCheats
Victory
Defeat
🇺🇸 Celts · United States
680
+16
🇳🇴 Bengalis · Norway
678
+17
🇲🇽 Spanish · Mexico
659
+17
🇺🇸 Japanese · United States
612
+19
🇷🇺 Persians · Russia
718
-18
🇨🇳 Inca · China
695
-18
🇨🇳 Byzantines · China
681
-17
🇵🇱 Burgundians · Poland
661
-16
TrolleBolIe
8:32 Loom
11:06 Feudal Age
11:35 Double-Bit Axe
11:32 Horse Collar
12:19 Gold Mining
14:13 Stone Mining
20:31 Wheelbarrow
22:15 Castle Age
26:02 Wheelbarrow
28:54 Fletching
29:05 Padded Archer Armor
33:14 Imperial Age
31:37 Bow Saw
32:24 Hand Cart
34:20 Town Watch
40:32 Caravan
42:38 Town Patrol
43:48 Two-Man Saw
43:10 Elite Elephant Archer
44:14 Paiks
44:13 Siege Elephant
45:07 Pikeman
48:59 Elite Skirmisher
55:14 Bodkin Arrow
55:35 Leather Archer Armor
55:32 Forging
55:31 Scale Barding Armor
59:19 Onager
DuceDubz
0:32 Loom
15:04 Feudal Age
16:53 Double-Bit Axe
16:53 Horse Collar
21:54 Wheelbarrow
24:41 Fletching
24:55 Padded Archer Armor
25:01 Gold Mining
25:01 Stone Mining
30:54 Castle Age
29:41 Arson
31:37 Pikeman
33:40 Bodkin Arrow
34:00 Forging
33:51 Scale Mail Armor
34:08 Leather Archer Armor
34:28 Coinage
34:10 Caravan
39:58 Heavy Plow
43:41 Stronghold
50:49 Imperial Age
49:34 Ballistics
52:00 Iron Casting
51:40 Chain Mail Armor
54:18 Fortified Wall
55:25 Bow Saw
55:58 Siege Engineers
56:54 Chemistry
56:29 Guilds
56:55 Banking
57:30 Heavy Scorpion
60:42 Onager
62:40 Siege Onager
angelottis
0:27 Loom
15:13 Feudal Age
16:06 Double-Bit Axe
16:04 Horse Collar
17:50 Wheelbarrow
19:05 Gold Mining
19:05 Stone Mining
26:48 Castle Age
26:49 Scale Mail Armor
26:59 Forging
27:29 Heavy Plow
27:40 Bow Saw
27:35 Caravan
36:22 Imperial Age
34:26 Pikeman
35:40 Squires
37:50 Hand Cart
37:05 Halberdier
38:47 Chain Mail Armor
38:45 Cavalier
39:33 Scale Barding Armor
39:50 Husbandry
40:58 Chain Barding Armor
40:54 Bloodlines
41:06 Conscription
42:49 Plate Barding Armor
43:22 Iron Casting
44:38 Paladin
47:05 Blast Furnace
51:41 Plate Mail Armor
57:09 Light Cavalry
62:24 Guilds
CHIP
0:42 Loom
23:15 Feudal Age
25:01 Wheelbarrow
29:40 Castle Age
28:28 Man-at-Arms
54:39 Double-Bit Axe
56:48 Horse Collar
59:49 Hand Cart
60:28 Heavy Plow
61:53 Thumb Ring
61:08 Crossbowman
62:24 Ballistics
61:45 Treadmill Crane
61:59 Gambesons
62:14 Squires
62:00 Arson
VET
14:10 Feudal Age
14:30 Double-Bit Axe
15:21 Wheelbarrow
14:29 Horse Collar
14:54 Gold Mining
22:38 Castle Age
21:14 Fletching
26:59 Bow Saw
28:29 Hand Cart
28:46 Heavy Plow
31:14 Kamandaran
33:30 Crossbowman
34:17 Thumb Ring
34:22 Bodkin Arrow
40:59 Imperial Age
40:41 Padded Archer Armor
41:04 Ballistics
40:55 Masonry
41:46 Conscription
41:37 Citadels
43:22 Hoardings
44:07 Bloodlines
45:08 Leather Archer Armor
45:06 Forging
45:02 Scale Barding Armor
45:54 Husbandry
46:20 Elite War Elephant
47:46 Iron Casting
50:01 Chain Barding Armor
50:42 Blast Furnace
52:51 Heavy Camel Rider
Thorgall
0:50 Loom
9:26 Double-Bit Axe
11:56 Wheelbarrow
15:56 Feudal Age
14:25 Gold Mining
14:26 Stone Mining
15:05 Horse Collar
17:29 Heavy Plow
17:43 Bow Saw
17:50 Hand Cart
18:16 Gold Shaft Mining
21:21 Stone Shaft Mining
24:12 Fletching
24:33 Forging
24:52 Caravan
27:48 Castle Age
26:27 Scale Mail Armor
28:44 Town Watch
29:36 Crop Rotation
30:10 Two-Man Saw
32:59 Guilds
32:59 Burgundian Vineyards
41:42 Town Patrol
47:38 Pikeman
48:19 Squires
48:38 Murder Holes
48:53 Masonry
51:02 Ballistics
50:23 Treadmill Crane
50:06 Elite Skirmisher
53:23 Imperial Age
53:58 Halberdier
56:45 Chemistry
56:13 Bodkin Arrow
56:54 Iron Casting
56:34 Chain Mail Armor
56:20 Padded Archer Armor
56:25 Scale Barding Armor
58:24 Bombard Tower
60:19 Bracer
60:35 Leather Archer Armor
61:20 Blast Furnace
60:51 Plate Mail Armor
Hz.
11:30 Feudal Age
12:31 Loom
15:58 Fletching
18:23 Double-Bit Axe
24:26 Castle Age
23:45 Gold Mining
23:36 Horse Collar
24:53 Crossbowman
27:16 Bodkin Arrow
28:48 Thumb Ring
29:06 Bow Saw
31:03 Pikeman
35:19 Heavy Plow
36:40 Ballistics
38:57 Imperial Age
37:04 Wheelbarrow
37:14 Stone Mining
40:09 Hand Cart
39:39 Onager
41:58 Conscription
41:00 Elite Kamayuk
43:02 Chemistry
42:33 Caravan
43:32 Forging
43:33 Scale Mail Armor
44:23 Crop Rotation
49:05 Squires
49:46 Gold Shaft Mining
49:54 Iron Casting
52:05 Blast Furnace
51:21 Chain Mail Armor
50:30 Halberdier
50:56 Arson
51:59 Heavy Scorpion
53:07 Andean Sling
56:14 Plate Mail Armor
56:52 Bracer
56:52 Padded Archer Armor
57:01 Murder Holes
唐伯虎点蚊香
Connection lost

Rejoining the realm…

Still unreachable

The connection could not be restored.

Session expired

The server has moved on; the page needs a fresh start.